 Dungeon Crawl Stone Soup version 0.24.0-13-gcf9b319 (webtiles) character file.

Game seed: 4589463013188675864, levelgen mode: deterministic

498 Balder the Shield-Bearer (level 6, -2/53 HPs)
             Began as a Minotaur Fighter on May 23, 2020.
             Killed by divine providence
             ... invoked by an orc priest
              (13 damage)
             ... on level 4 of the Dungeon.
             The game lasted 00:16:58 (3613 turns).

Balder the Shield-Bearer (Minotaur Fighter)         Turns: 3613, Time: 00:16:59

Health: -2/53      AC: 13    Str: 21    XL:     6   Next: 94%
Magic:  5/5        EV:  5    Int:  5    God:
Gold:   143        SH: 10    Dex: 11    Spells: 5/5 levels left

rFire    . . .     SeeInvis .   a - +3 flail
rCold    . . .     Gourm    .   c - +0 shield
rNeg     . . .     Faith    .   q - +0 plate armour
rPois    .         Spirit   .   (helmet restricted)
rElec    .         Reflect  .   (no cloak)
rCorr    .         Harm     .   e - +0 pair of gloves
MR       .....                  (no boots)
Stlth    ..........             b - amulet of the acrobat
HPRegen  0.17/turn              g - ring of flight
MPRegen  0.09/turn              (no ring)

@: no status effects
A: retaliatory headbutt, horns 2
a: Evoke Flight


You were on level 4 of the Dungeon.
You were not hungry.

You visited 1 branch of the dungeon, and saw 4 of its levels.

You collected 143 gold pieces.

Inventory:

Hand Weapons
 a - a +3 flail (weapon)
 w - a +0 flail
 y - a +3 hand axe
Missiles
 t - 3 boomerangs (quivered)
Armour
 c - a +0 shield (worn)
 e - a +0 pair of gloves (worn)
 p - a +0 large shield
 q - a +0 plate armour (worn)
 r - a +0 chain mail
Jewellery
 b - an amulet of the acrobat (around neck)
 g - a ring of flight (left hand)
 x - an uncursed ring of see invisible {unknown}
Wands
 u - a wand of iceblast (1)
Scrolls
 h - a scroll of immolation {unknown}
 i - 5 scrolls of teleportation
 k - a scroll of enchant armour {unknown}
 m - 2 scrolls of blinking {unknown}
 n - a scroll of identify {unknown}
 o - 2 scrolls of remove curse
Potions
 d - a potion of might
 j - 3 potions of haste {unknown}
 l - a potion of degeneration {unknown}
 v - a potion of heal wounds {unknown}
 z - a potion of curing {unknown}
Comestibles
 f - 11 rations
 s - 3 chunks of flesh


   Skills:
 * Level 4.5 Fighting
 * Level 5.0 Maces & Flails
 * Level 2.0 Throwing
 * Level 5.0 Armour
 * Level 2.0 Dodging
 * Level 1.6 Stealth
 * Level 5.2 Shields


You had 5 spell levels left.
You didn't know any spells.
Your spell library was empty.

Dungeon Overview and Level Annotations

Branches:
Dungeon (4/15)
 Temple: D:4-7

Altars:
Yredelemnul

Annotations:
D:4 1 runed translucent door


Innate Abilities, Weirdness & Mutations

You reflexively headbutt those who attack you in melee.
You have a pair of horns on your head.


Message History

The orc wizard is almost dead.
You block the orc wizard's attack.
The orc priest calls down the wrath of Beogh upon you.
Beogh smites you! You block the orc's attack.
The orc wizard hits you but does no damage.
You closely miss the orc wizard.
The orc wizard is almost dead.
The orc wizard closely misses you.
The orc priest calls down the wrath of Beogh upon you.
Pain shoots through your body!
* * * LOW HITPOINT WARNING * * *
You block the orc's attack. The orc wizard casts a spell at you.
You resist with some effort.
You hit the orc wizard.
You kill the orc wizard!
Your Armour skill increases to level 5!
The orc priest invokes the aid of Beogh against you.
Beogh smites you!
You die...

### ##.##### #...#..#
##......# #.......###
^#..#.........######.##
.........##............
..#...##..#...)@o.8.8.8
##...#..(...#..o......
#
#...###...>.######...#
###..####......# .##
...............# .
..................
..................
.................#
..8..รท...........#


You could see an orc priest and an orc.

Vanquished Creatures
  An ogre (D:4)
  An orc priest (D:3)
  2 centaur skeletons (D:4)
  An orc wizard (D:4)
  An iguana (D:4)
  7 gnolls (D:2)
  7 adders
  2 oozes (D:2)
  An adder skeleton (D:4)
  3 worms
  A dart slug (D:2)
  3 leopard geckos
  11 orcs
  4 giant cockroaches
  10 goblins
  9 hobgoblins
  2 jackals (D:3)
  2 quokkas
  6 bats
  4 frilled lizards
  A goblin skeleton (D:4)
  A goblin zombie (D:4)
  10 kobolds
  A kobold skeleton (D:4)
  8 rats
99 creatures vanquished.

Vanquished Creatures (others)
  An orc wizard (D:3)
1 creature vanquished.

Grand Total: 100 creatures vanquished

Notes
Turn   | Place    | Note
-------+----------+-------------------------------------------
     0 | D:1      | Balder the Minotaur Fighter began the quest for the Orb.
     0 | D:1      | Reached XP level 1. HP: 19/19 MP: 0/0
   180 | D:1      | Reached XP level 2. HP: 27/27 MP: 1/1
   622 | D:1      | Reached XP level 3. HP: 31/33 MP: 2/2
  1377 | D:2      | Reached XP level 4. HP: 37/40 MP: 3/3
  1521 | D:2      | Reached skill level 1 in Dodging
  1548 | D:2      | Reached skill level 1 in Throwing
  1552 | D:2      | Reached skill level 1 in Stealth
  1552 | D:2      | Reached XP level 5. HP: 17/46 MP: 4/4
  2922 | D:3      | Reached XP level 6. HP: 36/53 MP: 5/5
  3307 | D:4      | Found a runed translucent door.
  3307 | D:4      | Noticed a human
  3308 | D:4      | Found a basalt altar of Yredelemnul.
  3368 | D:4      | Reached skill level 5 in Shields
  3586 | D:4      | Reached skill level 5 in Maces & Flails
  3613 | D:4      | Reached skill level 5 in Armour
  3613 | D:4      | Killed from afar by an orc priest

Levels and vault maps discovered:
D:1:      lemuel_arrival_cross, layout_basic
D:2:      layout_rooms
D:3:      layout_loops_corners, first_ration
D:4:      layout_cave_pools, serial_column_ruins, column_ruins_square_medium,
          column_ruins_circle_small, column_ruins_columns_straight,
          column_ruins_open_medium, column_ruins_open_tiny, column_ruins_grid_1,
          column_ruins_open_medium, dk_yredelemnul_ordeal,
          uniq_crazy_yiuf_cottage

Skill      XL: |  1  2  3  4  5  6 |
---------------+-------------------+-----
Shields        | 4 5 |  5.2
Armour         | 4 5 |  5.0
Fighting       | 4 |  4.5
Maces & Flails | 3 4 5 |  5.0
Dodging        | 1 2 |  2.0
Throwing       | 1 2 |  2.0
Stealth        | 1 |  1.6

Action                   |  1- 3 |  4- 6 || total
-------------------------+-------+-------++-------
Melee: Flail             |   115 |   198 ||   313
       Headbutt          |    15 |    26 ||    41
Throw: Boomerang         |       |     1 ||     1
Evoke: Wand              |       |     2 ||     2
  Use: Potion            |       |     1 ||     1
       Scroll            |       |     2 ||     2
  Eat: Chunk             |     1 |     8 ||     9
Armor: Scale mail        |    53 |     2 ||    55
       Plate armour      |       |    20 ||    20
       Chain mail        |       |    67 ||    67
Dodge: Dodged            |    40 |    38 ||    78
Block: Shield            |    55 |   114 ||   169
